 Dungeon Crawl Stone Soup version 0.29-a0-575-g0dc89cf053 (webtiles) character file.

Game seed: 13444317456451091589

4802 Sabo the Spear-Bearer (level 10, -7/74 HPs)
             Began as a Demonspawn Gladiator on June 12, 2022.
             Was a Priest of Qazlal.
             Mangled by a komodo dragon (20 damage)
             ... on level 1 of the Lair of Beasts.
             The game lasted 00:52:25 (10718 turns).

Sabo the Spear-Bearer (Demonspawn Gladiator)       Turns: 10718, Time: 00:52:26

Health: -7/74      AC: 19    Str: 18    XL:     10   Next: 24%
Magic:  10/10      EV: 10    Int: 11    God:    Qazlal [***...]
Gold:   395        SH:  4    Dex: 17    Spells: 9/9 levels left

rFire   + . .      SeeInvis .   w - +3 trident (vamp)
rCold   + . .      Faith    .   (no shield)
rNeg    . . .      Spirit   .   o - +2 chain mail {rF+}
rPois   .          Reflect  .   c - +0 helmet
rElec   .          Harm     .   s - +0 cloak
rCorr   .          Rampage  .   A - +1 pair of gloves {Dex+3}
Will    .....                   p - +0 pair of boots
Stlth   ..........              (no amulet)
HPRegen 0.22/turn               I - ring of protection from cold
MPRegen 0.12/turn               (no ring)

@: studying Long Blades
A: hooves 2, foul stench 1, spiny 1, sturdy frame 1
a: Renounce Religion, Upheaval, Elemental Force


You were on level 1 of the Lair of Beasts.
You worshipped Qazlal.
Qazlal was most pleased with you.
You visited 2 branches of the dungeon, and saw 9 of its levels.

You collected 395 gold pieces.

Inventory:

Hand Weapons
 a - a +0 war axe of flaming
 g - a +0 hunting sling
 h - a +1 morningstar of flaming
 r - a +3 dire flail
 w - a +3 vampiric trident (weapon)
 y - a +3 vorpal spear
 D - a +2 spear of freezing
 F - a +0 shortbow
 L - a +4 long sword
 M - a +3 long sword of freezing
Missiles
 d - 4 throwing nets (quivered)
 e - a javelin
 m - 21 poisoned darts
 v - 3 boomerangs
Armour
 c - a +0 helmet (worn)
 o - a +2 chain mail of fire resistance (worn)
 p - a +0 pair of boots (worn)
 s - a +0 cloak (worn)
 A - a +1 pair of gloves of dexterity (worn)
Jewellery
 I - a ring of protection from cold (left hand)
Wands
 j - a wand of paralysis (9)
 x - a wand of flame (14)
 C - a wand of iceblast (7)
Scrolls
 i - a scroll of magic mapping
 l - 2 scrolls of fear
 z - 6 scrolls of poison
 B - 3 scrolls of teleportation
Potions
 b - a potion of heal wounds
 f - 7 potions of curing
 k - a potion of magic {unknown}
 n - 3 potions of resistance
 q - 2 potions of mutation {unknown}
 t - a potion of haste {unknown}
 u - 3 potions of cancellation {unknown}
 E - 2 potions of might {unknown}
 G - a potion of berserk rage {unknown}
 H - a potion of invisibility {unknown}


   Skills:
 + Level 5.5 Fighting
 + Level 4.5(7.2) Axes
 + Level 2.5(3.9) Maces & Flails
 + Level 8.3(8.9) Polearms
 + Level 1.8 Throwing
 + Level 7.5 Armour
 + Level 3.6 Dodging
 + Level 1.0 Stealth
 + Level 2.9 Shields


You had 9 spell levels left.
You didn't know any spells.
Your spell library contained the following spells:

 Spells                   Type           Power      Damage    Failure   Level
 Call Canine Familiar     Summ           0%         N/A       99%         3
 Portal Projectile        Hex/Tloc       0%         N/A       99%         3
 Leda's Liquefaction      Hex/Erth       0%         N/A       100%        4
 Borgnjor's Revivificati  Necr           0%         N/A       100%        8
 Necromutation            Tmut/Necr      0%         N/A       100%        8
 Death's Door             Necr           0%         N/A       100%        9


Dungeon Overview and Level Annotations

Branches:
Dungeon (8/15)             Temple (0/1) D:7            Lair (1/6) D:8

Altars:
Qazlal

Shops:
D:8 (

Annotations:
D:7 exclusion: oklob sapling


Innate Abilities, Weirdness & Mutations

You have hoof-like feet.
You may rarely emit foul miasma when damaged in melee.
You are partially covered in sharp spines.
Your movements are slightly less encumbered by armour. (ER -2)


Message History

The komodo dragon is lightly wounded.
The komodo dragon bites you.
You hit the komodo dragon.
The komodo dragon is lightly wounded.
The komodo dragon bites you but does no damage.
You hit the komodo dragon but do no damage.
The komodo dragon is lightly wounded.
The komodo dragon barely misses you.
You puncture the komodo dragon!
You feel better.
The komodo dragon is heavily wounded.
The komodo dragon bites you!
You closely miss the komodo dragon.
The komodo dragon is heavily wounded.
The komodo dragon bites you!!
You barely miss the komodo dragon.
The komodo dragon is heavily wounded.
The komodo dragon closely misses you.
You hit the komodo dragon but do no damage.
You punch the komodo dragon.
The komodo dragon is heavily wounded.
The komodo dragon bites you but does no damage.
You barely miss the komodo dragon.
The komodo dragon is heavily wounded.
You hit the komodo dragon.
You feel better.
The komodo dragon is heavily wounded.
The komodo dragon bites you!
You hit the komodo dragon.
The komodo dragon is severely wounded.
The komodo dragon bites you!
* * * LOW HITPOINT WARNING * * *
You barely miss the komodo dragon.
The komodo dragon is severely wounded.
The komodo dragon bites you but does no damage.
You barely miss the komodo dragon.
The komodo dragon is severely wounded.
The komodo dragon bites you but does no damage.
You hit the komodo dragon but do no damage.
The komodo dragon is severely wounded.
The komodo dragon bites you!!
You die...

#.......##
#.##.#.#.##
# #.>.....#
##.#.#.##
#.......#
##.#.#.#.#
#.)......#
##.#.#.#.#
#.ยง@#.#..#
##.l.##.##
....... .
#....##..P##
#.... ..##
#.#... ...
....... .##
.###... ..


You could see a komodo dragon.

Vanquished Creatures
  The ghost of DamienQuinn the Carver, a novice MiFi (D:8)
  A komodo dragon (Lair:1)
  A yak (Lair:1)
  A wyvern (D:7)
  A steam dragon (D:8)
  4 water moccasins
  2 ogres
  An orc warrior (D:7)
  3 ice beasts
  A sky beast (D:7)
  A black bear (D:8)
  A centaur (D:7)
  A phantom (D:5)
  A kobold brigand (D:7)
  5 bullfrogs
  A gnoll sergeant (D:7)
  2 scorpions
  7 wights (D:8)
  A howler monkey (D:4)
  2 bullfrog skeletons (D:4)
  4 orc priests
  A gnoll shaman (D:5)
  4 hounds (D:5)
  A jelly (D:6)
  A centaur skeleton (D:4)
  2 iguanas
  4 orc wizards
  Natasha (twice) (D:2)
  2 scorpion zombies (D:4)
  2 hound zombies (D:4)
  12 gnolls
  5 adders
  A shadow imp (D:5)
  A white imp (D:8)
  An ufetubus (D:7)
  2 adder skeletons (D:4)
  An adder zombie (D:4)
  A dart slug (D:3)
  21 orcs
  A bat (D:1)
  3 endoplasms (D:2)
  3 giant cockroaches
  3 goblins
  7 hobgoblins
  8 jackals
  10 kobolds
  2 quokkas
  8 ball pythons
  2 frilled lizards
  4 rats
157 creatures vanquished.

Vanquished Creatures (collateral kills)
  Maggie (D:8)
  2 wights (D:8)
  A white imp (D:8)
4 creatures vanquished.

Vanquished Creatures (others)
  A wight (D:8)
  2 fungi
  3 plants (D:8)
  A withered plant (D:4)
7 creatures vanquished.

Grand Total: 168 creatures vanquished

Notes
Turn   | Place    | Note
-------+----------+-------------------------------------------
     0 | D:1      | Sabo the Demonspawn Gladiator began the quest for the Orb.
     0 | D:1      | Reached XP level 1. HP: 16/16 MP: 1/1
   495 | D:1      | Gained mutation: You have large cloven feet. [demonic
                  | ancestry]
   495 | D:1      | Reached XP level 2. HP: 22/22 MP: 2/2
  1391 | D:2      | Reached skill level 1 in Armour
  1391 | D:2      | Gained mutation: You are partially covered in sharp spines.
                  | [demonic ancestry]
  1391 | D:2      | Reached XP level 3. HP: 22/27 MP: 3/3
  1680 | D:2      | Gained mutation: You have hoof-like feet. [demonic
                  | ancestry]
  1680 | D:2      | Reached XP level 4. HP: 33/33 MP: 4/4
  1726 | D:2      | Identified the +5 mace of Theory {holy, *Rage rElec rC+
                  | Stlth+}
  1751 | D:2      | Noticed Natasha
  1758 | D:2      | Killed Natasha
  1832 | D:2      | Found a faded altar of an unknown god.
  1866 | D:2      | Prayed at the altar of an unknown god.
  1866 | D:2      | Became a worshipper of Qazlal Stormbringer
  1866 | D:2      | Reached * piety under Qazlal
  1945 | D:2      | Noticed Natasha
  1952 | D:2      | Killed Natasha
  2890 | D:3      | Reached XP level 5. HP: 33/38 MP: 5/5
  3994 | D:4      | Reached XP level 6. HP: 31/47 MP: 6/6
  4000 | D:4      | Reached skill level 1 in Polearms
  4003 | D:4      | Reached skill level 1 in Shields
  4006 | D:4      | Reached ** piety under Qazlal
  4222 | D:4      | Reached skill level 2 in Polearms
  4376 | D:4      | Reached skill level 3 in Polearms
  4376 | D:4      | Gained mutation: You may rarely emit foul miasma when
                  | damaged in melee. [demonic ancestry]
  4376 | D:4      | Reached XP level 7. HP: 35/52 MP: 7/7
  4798 | D:5      | Entered Level 5 of the Dungeon
  6033 | D:6      | Reached skill level 4 in Polearms
  6033 | D:6      | Reached XP level 8. HP: 49/60 MP: 8/8
  7141 | D:6      | Reached skill level 5 in Polearms
  7433 | D:7      | Reached skill level 5 in Armour
  7894 | D:7      | Reached skill level 6 in Polearms
  8039 | D:7      | Reached XP level 9. HP: 52/66 MP: 9/9
  8314 | D:7      | Reached *** piety under Qazlal
  8783 | D:7      | Found a staircase to the Ecumenical Temple.
  9060 | D:8      | Noticed DamienQuinn's ghost (novice MiFi)
  9061 | D:8      | Found a runed translucent door.
  9072 | D:8      | Reached skill level 7 in Polearms
  9085 | D:8      | Reached skill level 5 in Fighting
  9085 | D:8      | Noticed Maggie
  9099 | D:8      | Killed Maggie
  9100 | D:8      | Reached skill level 1 in Stealth
  9290 | D:8      | Reached skill level 8 in Polearms
  9450 | D:8      | Found a staircase to the Lair.
  9681 | D:8      | Killed DamienQuinn's ghost
  9682 | D:8      | Reached skill level 1 in Maces & Flails
  9682 | D:8      | Gained mutation: Your movements are slightly less
                  | encumbered by armour. (ER -2) [demonic ancestry]
  9682 | D:8      | Reached XP level 10. HP: 17/74 MP: 10/10
 10206 | D:8      | Found Paomiec's Antique Weapon Boutique.
 10443 | Lair:1   | Entered Level 1 of the Lair of Beasts
 10718 | Lair:1   | Mangled by a komodo dragon

Illustrated notes

Levels and vault maps discovered:
D:1:      dpeg_arrival_houses_and_road, layout_basic
D:2:      minmay_inner_zag, layout_rooms, hellmonk_ecumenical_altar_crossroads,
          minivault_14, amcnicky_mini_rare_corridor_liquid, uniq_natasha
D:3:      layout_basic, minivault_24
D:4:      layout_basic, serial_undead, serial_undead_c, serial_undead_d,
          serial_undead_d, serial_undead_c
D:5:      layout_loops_ring, nicolae_figureground_sparkle
D:6:      nicolae_BIG_FREAKIN_CUBE, layout_layer_cave
D:7:      layout_cave_pods, minmay_temple_entry_oklob, grunt_ministairs_7,
          chequers_serial_rivers_large_b, dreamdust_mushroom_princess,
          minmay_misc_feat_ornament
D:8:      layout_loops_cross, dpeg_oklobed_lair, hellmonk_ghost_happy_afterlife,
          nicolae_inconvenience_store, uniq_maggie
Lair:1:   layout_loops_ring, st_stairs_8, serial_bayou_shore_b

Skill      XL: |  1  2  3  4  5  6  7  8  9 10 |
---------------+-------------------------------+-----
Axes           | 3 4 |  4.5
Armour         | 1 2 3 4 5 7 |  7.5
Dodging        | 3 |  3.6
Fighting       | 3 4 5 |  5.5
Polearms       | 3 4 6 8 |  8.3
Shields        | 1 2 |  2.9
Stealth        | 1 |  1.0
Maces & Flails | 1 2 |  2.5
Throwing       | |  1.8

Action                   |  1- 3 |  4- 6 |  7- 9 | 10-12 || total
-------------------------+-------+-------+-------+-------++-------
Melee: War axe           |    75 |    19 |       |       ||    94
       Kick              |     5 |       |       |       ||     5
       Trident           |       |    91 |   218 |    37 ||   346
       Punch             |       |       |     2 |     1 ||     3
       Dire flail        |       |       |    50 |       ||    50
  Use: Potion            |       |     4 |     1 |       ||     5
       Scroll            |       |       |    16 |     1 ||    17
Armor: Scale mail        |    11 |       |       |       ||    11
       Leather armour    |     9 |       |       |       ||     9
       Chain mail        |    22 |    59 |   166 |    10 ||   257
Dodge: Dodged            |    49 |    34 |    99 |     8 ||   190
Block: Other             |       |    11 |    31 |     1 ||    43

Table legend: (Time is in decaauts)
 A = Elapsed time spent in this place.
 B = Non-inter-level travel time spent in this place.
 C = Inter-level travel time spent in this place.
 D = Time resting spent in this place.
 E = Time spent auto-exploring this place.
 F = Levels seen in this place.
 G = Mean time per level.
                   A        B        C        D        E       F      G
               +--------+--------+--------+--------+--------+-----+--------+
         Total |  10797 |  10797 |      0 |   2754 |      0 |   9 | 1199.7 |
       Dungeon |  10528 |  10528 |      0 |   2618 |      0 |   8 | 1316.0 |
          Lair |    269 |    269 |      0 |    136 |      0 |   1 |  269.0 |
               +--------+--------+--------+--------+--------+-----+--------+

Top non-repeatable levels by time:
     D:7: 1575 daAuts
     D:8: 1490 daAuts
     D:6: 1390 daAuts
     D:3: 1388 daAuts
     D:4: 1278 daAuts
     D:5: 1231 daAuts
     D:1: 1169 daAuts
     D:2: 1004 daAuts
  Lair:1: 269 daAuts
